 Dungeon Crawl Stone Soup version 0.29.1-15-g9cfb28693d (webtiles) character file.

Game seed: 14150679341009036109

29850 croobank the Brawler (level 13, -9/133 HPs)
             Began as a Troll Fighter on Apr 22, 2023.
             Was an Elder of Wu Jian.
             Mangled by an entropy weaver simulacrum (16 damage)
             ... on level 1 of the Lair of Beasts.
             The game lasted 01:03:00 (12241 turns).

croobank the Brawler (Troll Fighter)               Turns: 12241, Time: 01:03:01

Health: -9/133     AC: 16    Str: 27    XL:     13   Next: 17%
Magic:  12/12      EV:  9    Int:  5    God:    Wu Jian [****..]
Gold:   1590       SH: 11    Dex:  9    Spells: 12/12 levels left

rFire   + + +      SeeInvis .   K - +4 spear (flame)
rCold   + . .      Faith    .   b - +1 kite shield
rNeg    + + .      Spirit   .   a - +2 robe {Will+}
rPois   +          Reflect  .   n - +5 hat of Insatiable Hunger {-Cast rF+ rN++ Regen+ Int-3}
rElec   +          Harm     .   e - +0 cloak
rCorr   +          Rampage  .   (gloves unavailable)
Will    +....      NoCast   +   (boots unavailable)
Stlth   +.........              (no amulet)
HPRegen 1.92/turn               D - +4 ring of protection
MPRegen 0.13/turn               F - ring of protection from fire

@: resistant
A: large, unfitting armour, claws 3, regeneration 1, shaggy fur 1, tough skin 1
a: Renounce Religion, Wall Jump, Serpent's Lash


You were on level 1 of the Lair of Beasts.
You worshipped Wu Jian.
Wu Jian was greatly pleased with you.
You visited 3 branches of the dungeon, and saw 13 of its levels.

You collected 2076 gold pieces.
You spent 486 gold pieces at shops.

Inventory:

Hand Weapons
 d - a +4 dagger
 i - a +2 spear of distortion
 o - the +2 mace "Exesus" {vamp, rF+ Str+4}
   (You found it on level 2 of the Dungeon)

   It occasionally heals its wielder for a portion of the damage dealt when it
   wounds a living foe.
   Str:       It affects your strength (+4).
   rF:        It protects you from fire.
 t - a +0 war axe
 x - a +3 scimitar of flaming
 K - a +4 spear of flaming (weapon)
 Q - the +6 quarterstaff of Supporting Peril {spect, *Noise Str+3 Int+3 SInv}
   (You found it on level 1 of the Lair of Beasts)

   When its wielder attacks, the weapon's spirit leaps out and strikes again.
   The spirit shares a part of any damage it takes with its wielder.
   Str:       It affects your strength (+3).
   Int:       It affects your intelligence (+3).
   SInv:      It lets you see invisible.
   *Noise:    It may make noises in combat.
 S - a +0 demon whip of venom
Missiles
 q - 14 boomerangs
 r - 37 poisoned darts (quivered)
 M - 3 silver boomerangs
Armour
 a - a +2 robe of willpower (worn)
 b - a +1 kite shield (worn)
 e - a +0 cloak (worn)
 l - a +1 robe of the Archmagi
 n - the +5 hat of Insatiable Hunger (worn) {-Cast rF+ rN++ Regen+ Int-3}
   (You acquired it on level 8 of the Dungeon)

   Int:       It affects your intelligence (-3).
   rF:        It protects you from fire.
   rN:        It greatly protects you from negative energy.
   -Cast:     It prevents spellcasting.
   Regen:     It increases your rate of health regeneration.
 s - the +4 robe of Ocieghory {rC+ rN+ Dex+3}
   (You took it off a centaur on level 11 of the Dungeon)

   Dex:       It affects your dexterity (+3).
   rC:        It protects you from cold.
   rN:        It protects you from negative energy.
 J - a scarf of invisibility
Magical Staves
 R - a staff of poison
Jewellery
 j - a ring of flight
 w - a ring of see invisible
 A - a ring of wizardry
 D - a +4 ring of protection (left claw)
 F - a ring of protection from fire (right claw)
Wands
 c - a wand of flame (3)
 H - a wand of acid (7)
 T - a wand of polymorph (8)
Scrolls
 h - 2 scrolls of amnesia
 m - 5 scrolls of teleportation
 u - 2 scrolls of poison
 y - 6 scrolls of fog
 C - a scroll of fear
 E - a scroll of magic mapping
 L - 2 scrolls of silence
 U - 2 scrolls of identify
Potions
 f - 3 potions of attraction
 g - 5 potions of brilliance
 k - 2 potions of haste
 p - 4 potions of curing
 v - 2 potions of flight
 z - 4 potions of ambrosia
 B - a potion of invisibility
 G - 2 potions of cancellation
 I - 2 potions of lignification
 N - a potion of heal wounds
 P - a potion of magic


   Skills:
 + Level 10.0 Fighting
 - Level 2.4 Dodging
 + Level 10.9 Shields
 * Level 16.0 Unarmed Combat


You had 12 spell levels left.
You didn't know any spells.
Your spell library contained the following spells:

 Spells                   Type           Power      Damage    Failure   Level
 Apportation              Tloc           0%         N/A       67%         1
 Necrotise                Necr           0%         1d4       67%         1
 Sandblast                Erth           0%         2d4       67%         1
 Shock                    Conj/Air       0%         1d3       67%         1
 Summon Small Mammal      Summ           0%         N/A       67%         1
 Passwall                 Tmut/Erth      0%         N/A       82%         2
 Static Discharge         Conj/Air       0%         3-3/arc   82%         2
 Gell's Gravitas          Tloc           0%         N/A       96%         3
 Ignite Poison            Fire/Tmut/Pois 0%         N/A       96%         3
 Inner Flame              Hex/Fire       0%         N/A       96%         3
 Lesser Beckoning         Tloc           0%         N/A       96%         3
 Mephitic Cloud           Conj/Pois/Air  0%         N/A       96%         3
 Portal Projectile        Hex/Tloc       0%         N/A       96%         3
 Stone Arrow              Conj/Erth      0%         3d7       96%         3
 Swiftness                Air            0%         N/A       96%         3
 Teleport Other           Tloc           0%         N/A       96%         3
 Tukima's Dance           Hex            0%         N/A       96%         3
 Airstrike                Air            0%         2d(0-16)  100%        4
 Cause Fear               Hex            0%         N/A       100%        4
 Dispel Undead            Necr           0%         3d6       100%        4
 Hailstorm                Conj/Ice       0%         3d3       100%        4
 Ice Form                 Ice/Tmut       0%         N/A       100%        4
 Sticky Flame             Conj/Fire      0%         2d3       100%        4
 Blade Hands              Tmut           0%         N/A       100%        5
 Freezing Cloud           Conj/Ice/Air   0%         6-21      100%        5
 Dispersal                Tloc           0%         N/A       100%        6
 Simulacrum               Ice/Necr       0%         N/A       100%        6
 Discord                  Hex            0%         N/A       100%        8


Dungeon Overview and Level Annotations

Branches:
Dungeon (11/15)            Temple (1/1) D:4            Lair (1/5) D:10
    Orc (0/2) D:11

Altars:
Ashenzari
Cheibriados
Dithmenos
Elyvilon
Fedhas
Gozag
Hepliaklqana
Kikubaaqudgha
Makhleb
Nemelex Xobeh
Okawaru
Qazlal
Ru
Sif Muna
Trog
Uskayaw
Vehumet
Wu Jian
Xom
Yredelemnul
Zin
The Shining One

Shops:
D:4 (   D:9 !   D:11 [

Annotations:
D:5 2 transporters, Wkid's ghost, weakling FeDe
D:6 1 runed translucent door, Dinohead20's ghost, novice MiFi
D:9 Needs digging
D:11 1 runed translucent door, Whoops's ghost, journeyman DsFi


Innate Abilities, Weirdness & Mutations

You are too large for most types of armour.
You have claws for hands.
Your natural rate of healing is unusually fast.
You are covered in fur. (AC +1)
You have tough skin. (AC +1)


Message History

Okay, then.
As you read the scroll of fear, it crumbles to dust.
You assume a fearsome visage.
The rime drake looks frightened!
The entropy weaver simulacrum is unaffected.
The polar bear looks frightened!
The wolf simulacrum is unaffected.
The rime drake looks frightened!
The wolf looks frightened!
The dire elephant simulacrum is unaffected.
The ice encasing you melts away. The entropy weaver simulacrum hits you.
The entropy weaver simulacrum freezes you!
You resist.
* * * LOW HITPOINT WARNING * * *
You block the entropy weaver simulacrum's attack.
The entropy weaver simulacrum closely misses you.
The entropy weaver simulacrum hits you but does no damage.
Okay, then.
Aiming: Throw Flame
Press: ? - help, Shift-Dir - straight line, f - entropy weaver simulacrum
Aim: an entropy weaver simulacrum (77% to hit)
Okay, then.
Okay, then.
Your +4 spear of flaming bursts into flame!
K - a +4 spear of flaming (weapon)
You barely miss the entropy weaver simulacrum.
The entropy weaver simulacrum hits you.
* * * LOW HITPOINT WARNING * * *
The entropy weaver simulacrum freezes you!
You resist.
* * * LOW HITPOINT WARNING * * *
The entropy weaver simulacrum hits you.
* * * LOW HITPOINT WARNING * * *
The entropy weaver simulacrum freezes you!
You resist.
* * * LOW HITPOINT WARNING * * *
You block the entropy weaver simulacrum's attack.
The entropy weaver simulacrum hits you.
* * * LOW HITPOINT WARNING * * *
The entropy weaver simulacrum freezes you!
You resist.
You die...

~.............[
~≈~..~........~
~~≈~~~~~~~~~Z~~
~~~~~Zh~~h~~~
~k~~~~~~~~
##......## ##
#...Z....####.#
#k..@.........#
#..............
##..............
#.......†.......
##./$......#P###
#......$..#
#.........# #
#.######..# . ##
#..#


You could see a polar bear (fleeing), 2 rime drakes, a wolf (fleeing), a wolf
simulacrum, a dire elephant simulacrum and an entropy weaver simulacrum.

Vanquished Creatures
  Snorg (D:11)
  A fire dragon (D:11)
  2 boulder beetles (D:11)
  6 hydras
  Erolcha (D:9)
  A catoblepas (Lair:1)
  A centaur warrior (D:11)
  3 two-headed ogres
  Amaemon (D:9)
  A skeletal warrior (D:11)
  A bog body (Lair:1)
  An orc knight (D:11)
  2 deep elf pyromancers
  3 manticores (D:11)
  2 cyclopes (D:11)
  An orc sorcerer (D:11)
  Maurice (D:9)
  2 gargoyles (D:11)
  An orange demon (D:9)
  An efreet (D:11)
  2 cane toads (Lair:1)
  A kobold demonologist (D:11)
  2 ice devils (Lair:1)
  6 trolls
  A shadow (D:11)
  35 yaks
  A vampire (D:11)
  2 steam dragons
  2 vampire mosquitoes (D:11)
  A death yak simulacrum (Lair:1)
  2 acid dragons
  A two-headed ogre zombie (D:11)
  4 water moccasins (D:10)
  2 ice beasts
  An orc warrior (D:10)
  2 sky beasts
  4 black bears
  A wolf (Lair:1)
  2 ogres
  5 centaurs
  2 phantoms
  2 kobold brigands
  3 bullfrogs
  A necrophage (D:5)
  2 gnoll sergeants
  5 scorpions
  10 wights
  A troll zombie (D:11)
  A killer bee (D:8)
  10 howler monkeys
  A crimson imp (D:6)
  3 jellies
  2 hounds
  2 gnoll boudas
  10 orc priests
  4 iguanas
  7 orc wizards
  A spriggan simulacrum (Lair:1)
  6 ogre zombies (D:11)
  18 gnolls
  9 adders
  3 white imps
  An ufetubus (D:4)
  A worm (D:5)
  A dart slug (D:2)
  30 orcs
  5 ball pythons
  6 endoplasms
  4 giant cockroaches
  8 goblins
  8 hobgoblins
  6 jackals
  10 kobolds
  10 quokkas
  3 bats
  A frilled lizard (D:3)
  3 goblin skeletons (D:11)
  3 goblin zombies (D:11)
  A hobgoblin skeleton (D:11)
  A hobgoblin zombie (D:11)
  4 orc skeletons (D:11)
  13 orc zombies (D:11)
  5 rats
337 creatures vanquished.

Vanquished Creatures (collateral kills)
  A howler monkey (D:11)
1 creature vanquished.

Vanquished Creatures (others)
  A wizard (D:11)
  A yak (D:10)
  An orc wizard (D:7)
  25 fungi
  25 plants
53 creatures vanquished.

Grand Total: 391 creatures vanquished

Notes
Turn   | Place    | Note
-------+----------+-------------------------------------------
     0 | D:1      | croobank the Troll Fighter began the quest for the Orb.
     0 | D:1      | Reached XP level 1. HP: 22/22 MP: 0/0
   141 | D:1      | Reached XP level 2. HP: 28/29 MP: 1/1
   300 | D:1      | Found a faded altar of an unknown god.
   747 | D:2      | Reached XP level 3. HP: 25/36 MP: 2/2
   847 | D:2      | Reached skill level 3 in Unarmed Combat
  1042 | D:2      | Identified the +2 mace "Exesus" {vamp, rF+ Str+4}
  1462 | D:3      | Reached XP level 4. HP: 42/44 MP: 3/3
  1715 | D:3      | Found an opulent altar of Gozag.
  1760 | D:3      | Reached XP level 5. HP: 53/53 MP: 4/4
  1862 | D:3      | Reached skill level 4 in Unarmed Combat
  2570 | D:4      | Found a staircase to the Ecumenical Temple.
  2581 | Temple   | Entered the Ecumenical Temple
  2587 | Temple   | Became a worshipper of the Wu Jian Council
  2729 | D:4      | Reached XP level 6. HP: 60/61 MP: 5/5
  2737 | D:4      | Reached skill level 5 in Unarmed Combat
  3152 | D:4      | Found a hazy altar of Hepliaklqana.
  3280 | D:4      | Identified a scroll of acquirement
  3280 | D:4      | Acquired 1110 gold pieces
  3309 | D:4      | Found Futy's Weapon Boutique.
  3327 | D:4      | Bought a +0 scimitar for 44 gold pieces
  3446 | D:5      | Entered Level 5 of the Dungeon
  3580 | D:5      | Reached XP level 7. HP: 70/70 MP: 6/6
  3617 | D:5      | Reached skill level 6 in Unarmed Combat
  3643 | D:5      | Found a transporter.
  3649 | D:5      | Noticed Wkid's ghost (weakling FeDe)
  3701 | D:5      | Found a transporter.
  4016 | D:5      | Reached * piety under Wu Jian
  4321 | D:6      | Reached skill level 5 in Shields
  4490 | D:6      | Reached XP level 8. HP: 79/79 MP: 7/7
  4519 | D:6      | Found a runed translucent door.
  4519 | D:6      | Noticed Dinohead20's ghost (novice MiFi)
  4617 | D:6      | Reached skill level 7 in Unarmed Combat
  4704 | D:6      | Found a burning altar of Makhleb.
  4704 | D:6      | Found a shimmering altar of Xom.
  4834 | D:7      | Noticed a troll
  4842 | D:7      | Killed a troll
  4843 | D:7      | Reached skill level 5 in Fighting
  4845 | D:7      | Reached skill level 8 in Unarmed Combat
  5027 | D:7      | Reached XP level 9. HP: 63/88 MP: 8/8
  5114 | D:7      | Reached ** piety under Wu Jian
  5120 | D:7      | Reached skill level 9 in Unarmed Combat
  5450 | D:7      | Found a sparkling altar of Nemelex Xobeh.
  7238 | D:8      | Acquired the +5 hat of Insatiable Hunger {-Cast rF+ rN++
                  | Regen+ Int-3}
  7298 | D:8      | Found an iron altar of Okawaru.
  7325 | D:8      | Reached skill level 10 in Unarmed Combat
  7408 | D:8      | Reached XP level 10. HP: 100/100 MP: 9/9
  7830 | D:8      | Found a glowing golden altar of the Shining One.
  7883 | D:9      | Found Heamn's Distillery.
  7900 | D:9      | Bought a potion of lignification for 51 gold pieces
  7900 | D:9      | Bought a potion of heal wounds for 85 gold pieces
  7900 | D:9      | Bought a potion of resistance for 170 gold pieces
  7900 | D:9      | Bought a potion of magic for 136 gold pieces
  8072 | D:9      | Noticed Maurice
  8082 | D:9      | Killed Maurice
  8083 | D:9      | Reached skill level 11 in Unarmed Combat
  8095 | D:9      | Reached *** piety under Wu Jian
  8132 | D:9      | Noticed a two-headed ogre
  8137 | D:9      | Killed a two-headed ogre
  8174 | D:9      | Noticed Erolcha
  8190 | D:9      | Killed Erolcha
  8191 | D:9      | Reached skill level 12 in Unarmed Combat
  8385 | D:9      | Noticed Amaemon
  8385 | D:9      | Noticed an orange demon
  8389 | D:9      | Killed an orange demon
  8400 | D:9      | Killed Amaemon
  8401 | D:9      | Reached XP level 11. HP: 55/109 MP: 10/10
  8703 | D:10     | Entered Level 10 of the Dungeon
  8711 | D:10     | Noticed a deep elf pyromancer
  8753 | D:10     | Killed a deep elf pyromancer
  8859 | D:10     | Found a staircase to the Lair.
  9014 | D:10     | Found a blossoming altar of Fedhas.
  9524 | D:11     | Noticed Snorg
  9536 | D:11     | Killed Snorg
  9608 | D:11     | Found a runed translucent door.
  9609 | D:11     | Found a shimmering altar of Xom.
  9609 | D:11     | Noticed a +0 war axe of chaos
  9609 | D:11     | Noticed Whoops's ghost (journeyman DsFi)
  9638 | D:11     | Found a staircase to the Orcish Mines.
  9639 | D:11     | Noticed an orc sorcerer
  9669 | D:11     | Reached skill level 13 in Unarmed Combat
 10094 | D:11     | Noticed a red ugly thing
 10094 | D:11     | Noticed a two-headed ogre
 10102 | D:11     | Killed an orc sorcerer
 10275 | D:11     | Noticed a boulder beetle
 10285 | D:11     | Killed a boulder beetle
 10421 | D:11     | Found Isch's Antique Armour Shoppe.
 10451 | D:11     | Reached **** piety under Wu Jian
 10702 | D:11     | Noticed a four-headed hydra
 10715 | D:11     | Killed a one-headed hydra
 10725 | D:11     | Noticed a sixfirhy
 10824 | D:11     | Reached skill level 14 in Unarmed Combat
 10834 | D:11     | Reached XP level 12. HP: 122/122 MP: 11/11
 10853 | D:11     | Noticed a two-headed ogre
 10860 | D:11     | Killed a two-headed ogre
 10928 | D:11     | Noticed a boulder beetle
 10938 | D:11     | Killed a boulder beetle
 10959 | D:11     | Noticed a two-headed ogre
 11038 | D:11     | Killed a two-headed ogre
 11347 | D:11     | Identified the +4 robe of Ocieghory {rC+ rN+ Dex+3}
 11404 | D:11     | Noticed a centaur warrior
 11404 | D:11     | Noticed a six-headed hydra
 11458 | D:11     | Killed a centaur warrior
 11459 | D:11     | Reached skill level 10 in Shields
 11503 | D:11     | Killed a one-headed hydra
 11683 | D:11     | Noticed a fire dragon
 11684 | D:11     | Reached skill level 15 in Unarmed Combat
 11689 | D:11     | Killed a fire dragon
 11701 | D:11     | Noticed a five-headed hydra
 11701 | D:11     | Noticed a five-headed hydra
 11712 | D:11     | Killed a two-headed hydra
 11718 | D:11     | Killed a one-headed hydra
 11844 | Lair:1   | Entered Level 1 of the Lair of Beasts
 11933 | Lair:1   | Noticed a seven-headed hydra
 11951 | Lair:1   | Killed a one-headed hydra
 11992 | Lair:1   | Noticed a catoblepas
 12020 | Lair:1   | Killed a catoblepas
 12064 | Lair:1   | Noticed a five-headed hydra
 12075 | Lair:1   | Reached XP level 13. HP: 122/133 MP: 12/12
 12184 | Lair:1   | Identified the +6 quarterstaff of Supporting Peril {spect,
                  | *Noise Str+3 Int+3 SInv}
 12217 | Lair:1   | Reached skill level 10 in Fighting
 12229 | Lair:1   | Reached skill level 16 in Unarmed Combat
 12241 | Lair:1   | Mangled by an entropy weaver simulacrum

Illustrated notes

Levels and vault maps discovered:
D:1:      minmay_arrival_five_plusses, layout_basic,
          shapermc_ecumenical_altar_hornbeckon
D:2:      layout_loops_ring
D:3:      layout_basic, lemuel_doored_altar
D:4:      layout_basic, nicolae_hepliaklqana_hippocampus,
          minmay_temple_entry_waves, serial_shops, shop
D:5:      layout_basic, gammafunk_ghost_mausoleum
D:6:      layout_layer_cave, grunt_temple_overflow_champion_of_chaos,
          gammafunk_ghost_grave
D:7:      layout_loops_corners, old_standard_altar
D:8:      layout_basic, okawaru_metal_pillars_1_2, tso_oasis_becter,
          minmay_fractal_squares_diagonal_5
D:9:      layout_roguey, serial_shops, shop, item_on_display_a, uniq_maurice,
          uniq_erolcha, uniq_amaemon
D:10:     layout_basic, fedhas_altar_2, due_lair_maze_entry_diamond, minivault_1
D:11:     minmay_the_grid_square_5x5_4x4 [minmay_the_grid_square_5x5_meh,
          minmay_the_grid_square_5x5_six_small,
          minmay_the_grid_square_5x5_checkered_statues,
          minmay_the_grid_square_5x5_eight_small,
          minmay_the_grid_square_5x5_hollow_slash,
          minmay_the_grid_square_5x5_prize_junk,
          minmay_the_grid_square_5x5_prize_waves,
          minmay_the_grid_square_5x5_bridge,
          minmay_the_grid_square_5x5_misaligned,
          minmay_the_grid_square_5x5_prize_deathbox,
          minmay_the_grid_square_5x5_prize_open,
          minmay_the_grid_square_5x5_tri_point, minmay_the_grid_square_5x5_comb,
          minmay_the_grid_square_5x5_moneybag,
          minmay_the_grid_square_5x5_hourglass,
          minmay_the_grid_square_5x5_inset], layout_layer_cave,
          zombieorc2_lemuel, serial_shops, nicolae_shop_trees,
          ebering_ghost_xom, uniq_snorg
Temple:   zaba_magenta_temple
Lair:1:   dreamdust_isle_of_ice, layout_cave_pods

Skill      XL: |  1  2  3  4  5  6  7  8  9 10 11 12 13 |
---------------+----------------------------------------+-----
Shields        | 3 4 5 6 7 8 9 10 | 10.9
Unarmed Combat | 3 4 5 6 8 10 12 14 15 16 | 16.0
Fighting       | 3 4 5 6 7 8 9 10 | 10.0
Dodging        | |  2.4

Action                   |  1- 3 |  4- 6 |  7- 9 | 10-12 | 13-15 || total
-------------------------+-------+-------+-------+-------+-------++-------
Melee: Unarmed           |   110 |   138 |   280 |   480 |    48 ||  1056
       Mace              |       |       |       |    50 |       ||    50
       Scimitar          |       |       |       |    67 |     7 ||    74
       Spear             |       |       |       |       |     1 ||     1
Throw: Dart              |       |     2 |     4 |     5 |       ||    11
       Boomerang         |       |       |     4 |       |       ||     4
       Throwing net      |       |       |       |     1 |       ||     1
Invok: Lunge             |       |     5 |    27 |    30 |     3 ||    65
       Whirlwind         |       |       |     7 |    36 |       ||    43
       Serpent's Lash    |       |       |       |    12 |       ||    12
 Abil: Wall Jump         |       |       |       |    23 |     1 ||    24
Evoke: Wand              |       |       |       |    14 |     1 ||    15
  Use: Scroll            |     3 |     3 |    17 |     7 |     1 ||    31
       Potion            |       |       |     1 |     9 |     1 ||    11
 Stab: Sleeping          |       |     2 |       |       |       ||     2
       Distracted        |       |       |       |     1 |       ||     1
Armor: Robe              |    55 |    38 |    75 |   298 |    44 ||   510
Dodge: Dodged            |    40 |    36 |    54 |   233 |    11 ||   374
Block: Kite shield       |    41 |    40 |    74 |   317 |    31 ||   503
